Map: Polka LE

Players

Massa - Winner!

  • Race: Terran Terran
  • League: Platinum
  • Spawn Location: 5:00

qqq - Winner!

  • Race: Zerg Zerg
  • League: Platinum
  • Spawn Location: 5:00

AlenkaStar

  • Race: Terran Terran
  • Spawn Location: 11:00

Dav

  • Race: Protoss Protoss
  • Spawn Location: 11:00

VOD

Have the link to the VOD?

Description

Time

  • Played on: Nov. 29, 2020, 6:30 a.m.
  • Length: 11:52
Show
View Real Time Build Order
Export as new Build Order

Massa Terran - Winner!

Build Orders:  

Get SALT Encoding   

  12  0:00  SCV  
  13  0:12  SCV  
  14  0:23  Supply Depot  
  14  0:24  SCV  
  15  0:45  SCV  
  15  0:46  Refinery  
  15  0:48  Barracks  
  16  0:57  SCV  
  17  1:09  SCV  
  18  1:19  Refinery  
  18  1:21  SCV  
  19  1:37  Marine, Supply Depot  
  20  1:44  Orbital Command  
  20  1:48  Factory  
  20  1:55  Barracks Tech Lab  
  20  2:10  SCV  
  21  2:22  Marauder  
  23  2:24  Stimpack  
  23  2:27  SCV  
  24  2:48  Hellion, Command Center  
  26  2:52  Marine  
  26  2:54  SCV  
  28  3:06  SCV  
  28  3:09  Hellion  
  29  3:36  Widow Mine  
  29  3:51  Marauder  
  31  3:57  Command Center  
  31  4:00  Widow Mine, SCV  
  34  4:11  Supply Depot  
  34  4:12  SCV  
  34  4:13  Supply Depot  
  34  4:16  Orbital Command, Engineering Bay  
  37  4:24  SCV  
  32  4:35  Marine  
  33  4:45  Missile Turret  
  33  4:48  Missile Turret  
  33  4:51  Missile Turret  
  33  4:53  Marine  
  33  4:54  Missile Turret  
  33  4:58  Barracks  
  34  5:01  Barracks  
  34  5:11  Marine  
  34  5:12  SCV  
  36  5:21  Combat Shield  
  36  5:29  Marine  
  36  5:34  SCV x2  
  39  5:46  SCV x2  
  39  5:47  Marine  
  39  5:48  Factory  
  42  5:50  Barracks Reactor  
  42  5:51  Barracks Reactor  
  42  5:58  SCV x2  
  42  6:00  Planetary Fortress  
  44  6:05  Marauder  
  44  6:10  SCV x2  
  48  6:15  Missile Turret  
  48  6:21  Missile Turret  
  48  6:22  SCV x2  
  50  6:26  Refinery  
  50  6:28  Refinery  
  50  6:31  Armory  
  50  6:34  SCV  
  50  6:35  Starport, SCV  
  52  6:42  SCV  
  52  6:47  SCV x2  
  55  6:48  Missile Turret  
  55  6:51  Missile Turret  
  55  6:54  SCV  
  56  6:58  Factory Tech Lab  
  56  6:59  SCV x2  
  56  7:00  Marine  
  56  7:01  Marine x3  
  61  7:02  Marauder  
  61  7:06  SCV  
  65  7:11  SCV x2  
  67  7:16  Factory Tech Lab  
  67  7:18  Marine x2  
  69  7:23  Marauder  
  69  7:27  Cyclone  
  69  7:28  Marine x2  
  76  7:31  SCV  
  77  7:40  Starport Reactor  
  77  7:43  Supply Depot  
  77  7:44  Refinery  
  77  7:45  Refinery, Supply Depot x2  
  77  7:47  Barracks  
  77  7:48  Supply Depot  
  77  7:49  Barracks  
  77  7:52  Mag-Field Accelerator  
  77  7:54  Drilling Claws  
  77  7:56  Concussive Shells  
  77  8:05  SCV, Marauder, Marine x2, Cyclone  
  85  8:06  SCV x2, Marine x2  
  85  8:20  Medivac x2  
  85  8:24  Marine  
  89  8:27  Marauder  
  89  8:40  Marine  
  89  8:41  Barracks Reactor, Barracks Tech Lab, Marine x2  
  90  8:42  Marine  
  90  8:44  Cyclone x2  
  101  8:48  Marauder  
  101  8:57  Marine  
  101  8:59  Marine x2  
  105  9:10  SCV x3  
  105  9:16  Marine  
  105  9:17  Marine  
  109  9:24  Supply Depot  
  109  9:25  Supply Depot  
  109  9:26  Supply Depot  
  109  9:27  Supply Depot  
  109  9:29  Supply Depot x2  
  109  9:30  Supply Depot  
  109  9:32  Supply Depot  
  109  9:35  Supply Depot  
  109  9:45  Marine x4, Medivac x2  
  109  9:46  Marine x4  
  109  9:47  SCV x3  
  124  9:55  Supply Depot  
  124  9:58  Cyclone x2  
  124  9:59  SCV x2  
  132  10:03  Marine x4  
  132  10:04  Marine x3  
  139  10:13  SCV x3  
  142  10:23  Marauder  
  138  10:45  Marauder x2, Marine x6  
  138  10:47  Siege Tank  
  138  10:48  Siege Tank  
  154  11:03  Marine x4  
  152  11:06  Marauder x2  
  152  11:11  SCV x3  
  156  11:19  Siege Tank  
  156  11:23  SCV x3  
  156  11:24  Marine x2  
  156  11:25  Marine x3  
  165  11:27  Marauder  
  165  11:28  Marauder  
  174  11:34  Command Center  
  174  11:37  Command Center  
Show
View Real Time Build Order
Export as new Build Order

qqq Zerg - Winner!

Build Orders: Hatch First 

Get SALT Encoding   

  12  0:00  Drone  
  13  0:12  Drone  
  14  0:23  Overlord  
  14  0:48  Hatchery  
  13  0:52  Drone x2  
  13  0:55  Drone  
  16  1:18  Spawning Pool  
  15  1:19  Extractor  
  14  1:27  Drone x3  
  17  1:44  Drone  
  18  2:01  Drone x2  
  18  2:02  Drone  
  21  2:13  Drone  
  21  2:14  Queen  
  24  2:15  Queen  
  25  2:24  Zergling x2  
  25  2:27  Metabolic Boost  
  26  2:33  Drone x2  
  26  2:36  Overlord  
  28  2:42  Overlord  
  28  2:47  Baneling Nest  
  28  2:48  Drone  
  28  2:53  Overlord  
  28  2:56  Drone  
  29  3:00  Drone  
  29  3:04  Zergling x2  
  31  3:15  Zergling x2  
  31  3:17  Zergling x4  
  34  3:26  Zergling x2  
  35  3:33  Zergling x6  
  38  3:34  Zergling x6  
  41  4:00  Zergling x4  
  41  4:02  Zergling x2  
  44  4:03  Zergling x2  
  44  4:04  Lair  
  45  4:15  Zergling x6  
  48  4:18  Drone x2  
  50  4:30  Spore Crawler  
  49  4:36  Hatchery  
  48  4:41  Spore Crawler  
  45  4:46  Queen  
  45  4:47  Spore Crawler  
  45  4:59  Zergling x10  
  46  5:00  Drone x3  
  46  5:01  Drone  
  49  5:10  Queen  
  51  5:17  Drone  
  51  5:18  Spore Crawler  
  48  5:34  Spore Crawler  
  42  5:42  Drone x2  
  40  5:45  Drone, Spire  
  40  5:48  Extractor  
  40  5:49  Extractor  
  38  5:54  Drone  
  37  5:59  Drone  
  37  6:02  Spore Crawler  
  33  6:07  Drone x2  
  33  6:08  Drone  
  33  6:09  Drone  
  37  6:11  Drone x2  
  39  6:21  Drone  
  39  6:23  Drone x2  
  42  6:31  Drone x3  
  45  6:33  Extractor  
  45  6:34  Drone  
  45  6:37  Queen  
  47  6:41  Queen  
  47  6:46  Drone  
  50  6:48  Drone  
  50  6:49  Drone  
  50  6:50  Overlord  
  52  7:03  Mutalisk x3  
  56  7:16  Spore Crawler  
  56  7:19  Mutalisk  
  56  7:20  Mutalisk  
  59  7:23  Mutalisk  
  57  7:49  Queen  
  57  7:50  Mutalisk  
  61  7:55  Extractor  
  61  7:56  Drone x4, Extractor  
  61  7:57  Drone x3  
  66  7:59  Overlord  
  66  8:00  Overlord  
  66  8:17  Queen  
  66  8:19  Mutalisk x2  
  72  8:22  Drone x2  
  72  8:25  Overlord  
  60  8:51  Mutalisk x2  
  60  8:53  Spore Crawler  
  63  8:56  Mutalisk x2  
  67  9:06  Zerg Flyer Weapons Level 1  
  67  9:09  Drone x2  
  69  9:10  Drone  
  69  9:15  Queen  
  72  9:18  Drone x3  
  72  9:23  Drone x3  
  78  9:24  Mutalisk  
  74  9:42  Corruptor x3  
  74  9:45  Spore Crawler  
  79  9:47  Spore Crawler  
  79  9:49  Spore Crawler x2  
  79  9:50  Queen  
  79  9:51  Spore Crawler, Corruptor  
  79  9:52  Drone  
  80  9:53  Drone  
  80  9:56  Spore Crawler  
  79  10:03  Mutalisk  
  73  10:27  Corruptor x3  
  67  10:33  Drone  
  54  10:44  Mutalisk  
  43  10:55  Hatchery  
  39  11:05  Drone x3  
  39  11:06  Drone x2  
  39  11:11  Drone  
  45  11:14  Corruptor  
  45  11:16  Drone  
  50  11:28  Drone  
  50  11:29  Drone  
Show
View Real Time Build Order
Export as new Build Order

AlenkaStar Terran 

Build Orders:  

Get SALT Encoding   

  12  0:01  SCV  
  13  0:13  SCV  
  14  0:25  SCV  
  15  0:33  Supply Depot  
  15  0:55  SCV  
  16  0:59  Barracks  
  16  1:07  SCV  
  17  1:17  Command Center  
  17  1:25  SCV  
  18  1:29  Barracks  
  18  1:36  Refinery  
  18  1:37  SCV  
  19  1:51  SCV  
  20  2:00  Marine  
  21  2:06  Barracks  
  21  2:07  Orbital Command  
  21  2:18  Marine  
  22  2:24  Marine  
  22  2:29  SCV  
  24  2:35  Barracks  
  24  2:37  Engineering Bay  
  24  2:39  Marine  
  25  2:49  Marine  
  25  2:51  SCV  
  27  2:55  Orbital Command  
  27  3:03  Supply Depot  
  27  3:10  Marine  
  27  3:11  Marine  
  29  3:17  Terran Infantry Weapons Level 1  
  29  3:48  Marine  
  29  3:49  Marine x3  
  29  3:55  Missile Turret  
  33  3:58  Missile Turret  
  33  4:00  SCV x2  
  35  4:07  Marine x2  
  37  4:12  SCV  
  37  4:13  SCV  
  37  4:16  Barracks Tech Lab  
  39  4:19  Barracks Tech Lab  
  39  4:24  SCV  
  39  4:25  SCV  
  39  4:27  Supply Depot  
  41  4:37  SCV x2  
  42  4:39  Marine x3  
  42  4:41  Combat Shield, Stimpack  
  43  4:49  SCV  
  43  4:59  Marine  
  38  5:00  Marine x3  
  31  5:17  Marine  
  31  5:18  Marine x3  
  19  5:34  Marine  
  6  5:36  Marine x2  
  6  5:40  SCV  
  8  5:52  SCV, Orbital Command  
  10  6:04  SCV, Barracks  
  10  6:16  SCV  
  11  6:21  Supply Depot  
  11  6:23  SCV  
  12  6:28  SCV  
  13  6:35  SCV  
  13  6:37  Marine  
  15  6:40  SCV  
  15  6:44  Terran Infantry Armor Level 1  
  16  6:48  SCV  
  16  6:51  Marine  
  16  6:52  SCV  
  19  7:00  Barracks  
  19  7:14  Marine x3  
  22  7:16  SCV x2  
  22  7:19  Missile Turret  
  24  7:28  SCV x2, Concussive Shells  
  24  7:29  Marine  
  26  7:36  Marine x3  
  29  7:40  SCV x2  
  29  7:41  Marine  
  33  7:47  Marine  
  33  7:48  Marine  
  35  7:52  SCV x2, Missile Turret  
  37  8:00  Missile Turret  
  37  8:04  SCV x2  
  39  8:15  Missile Turret  
  39  8:17  SCV x2, Marine  
  39  8:18  Marine  
  41  8:29  SCV  
  35  8:37  SCV  
  35  8:40  Refinery  
  34  8:41  SCV  
  34  8:43  Refinery  
  35  8:49  SCV  
  35  8:50  Marine x6  
  35  8:52  Refinery  
  42  8:57  Barracks  
  42  9:01  Missile Turret  
  42  9:06  Engineering Bay  
  42  9:08  SCV x2, Marine x2  
  46  9:18  Factory  
  46  9:26  Hi-Sec Auto Tracking  
  46  10:09  Neosteel Armor  
  46  10:11  Factory Tech Lab  
  46  10:18  Armory  
  46  10:24  Starport  
  46  10:29  Starport  
  46  10:36  Supply Depot  
  46  10:57  SCV x2, Marine x6  
  46  10:59  Marine  
  47  11:09  SCV x2  
  43  11:11  Siege Tank  
  43  11:15  Marine x6  
  43  11:17  Marine  
  50  11:21  Starport Reactor x2  
  50  11:22  SCV x2  
  52  11:33  Marine x2  
Show
View Real Time Build Order
Export as new Build Order

Dav Protoss 

Build Orders:  

Get SALT Encoding   

  12  0:01  Probe (Chrono Boost)  
  13  0:11  Probe (Chrono Boost)  
  14  0:16  Probe  
  15  0:24  Pylon  
  15  0:42  Probe  
  16  0:51  Gateway  
  16  1:02  Probe (Chrono Boost), Assimilator  
  17  1:04  Assimilator  
  17  1:14  Probe (Chrono Boost)  
  18  1:32  Probe  
  19  1:47  Cybernetics Core  
  19  1:49  Pylon  
  19  1:53  Probe  
  20  2:02  Pylon  
  20  2:06  Probe (Chrono Boost)  
  21  2:27  Stargate  
  21  2:29  Stargate  
  21  2:33  Pylon  
  21  2:38  Shield Battery  
  21  2:47  Probe  
  21  2:49  Stalker  
  24  3:02  Probe  
  24  3:04  Pylon  
  25  3:05  Void Ray  
  24  3:59  Probe (Chrono Boost)  
  25  4:05  Void Ray  
  27  4:36  Void Ray  
  31  5:08  Void Ray  
  35  5:17  Probe  
  36  5:45  Probe  
  37  5:50  Void Ray  
  37  5:51  Void Ray  
  45  6:22  Nexus  
  45  6:36  Pylon, Shield Battery  
  45  6:37  Probe  
  46  6:48  Void Ray x2  
  54  7:21  Probe  
  55  7:25  Shield Battery  
  55  7:27  Shield Battery  
  55  7:33  Probe  
  56  7:43  Phoenix  
  56  7:44  Phoenix  
  60  7:45  Probe  
  60  7:50  Probe  
  62  7:53  Pylon  
  62  7:57  Probe  
  63  8:02  Probe  
  60  8:13  Phoenix x2  
  64  8:27  Forge  
  64  8:47  Phoenix x2  
  66  9:07  Photon Cannon  
  66  9:10  Shield Battery  
  66  9:13  Photon Cannon  
  66  9:16  Probe x2  
  66  9:41  Phoenix  
  66  9:42  Phoenix  
  70  9:47  Probe  
  70  9:48  Probe  
  72  9:59  Probe  
  73  10:00  Probe  
  33  10:35  Probe  
  33  10:36  Probe  
  33  10:39  Gateway  
  35  10:43  Gateway  
  35  10:46  Gateway  
  35  10:48  Probe x2  
  35  10:49  Gateway, Pylon  
  37  11:00  Probe x2  
  37  11:03  Assimilator  
  39  11:06  Assimilator  
  39  11:12  Probe  
  40  11:26  Gateway  
  40  11:27  Gateway  
  40  11:30  Gateway  
  40  11:35  Pylon  
Tags
 
Add a new tag
Caveats
  • Supply blocks, unpowered buildings, or Contaminate may cause inaccurate times.
  • Supply counts are checked every 10 seconds.